 Dungeon Crawl Stone Soup version 0.31-a0-1370-gf52a5a9ab3 (webtiles) character file.

Game seed: 7941541933475738456

492 grandjackal the Ducker (level 7, -1/53 HPs)
             Began as a Djinni Gladiator on Dec 23, 2023.
             Slain by an iron imp (9 damage)
             ... summoned by Eustachio
             ... on level 4 of the Dungeon.
             The game lasted 00:03:07 (3035 turns).

grandjackal the Ducker (Djinni Gladiator)           Turns: 3035, Time: 00:03:08

Health: -1/53      AC:  9    Str: 16    XL:     7   Next: 37%
Gold:   220        EV: 11    Int: 15    God:
                   SH:  0    Dex: 15

rFire   + + .        r - +2 long sword "Hydraslayer" {heavy, Fly Str+3 Int+4}
rCold   x . .        (no shield)
rNeg    . . .        f - +0 scale mail
rPois   ∞            c - +0 helmet
rElec   .            x - +0 cloak {Stlth+}
rCorr   .            q - +0 pair of gloves
SInv    .            (boots unavailable)
Will    .....        (no amulet)
Stlth   +            (no ring)
HPRegen 0.28/turn    (no ring)
MPRegen 0.00/turn

%: infuse magic (-2 HP)
@: flying
A: sickness immunity, fire resistance 2, cold vulnerability 1, float, innate
caster, HP casting, extra vitality 1
a: no special abilities


You were on level 4 of the Dungeon.
You visited 1 branch of the dungeon, and saw 4 of its levels.

You collected 220 gold pieces.

Inventory:

Hand Weapons
 a - a +0 quarterstaff
 r - the +2 long sword "Hydraslayer" (weapon) {heavy, Fly Str+3 Int+4}
   (You found it on level 3 of the Dungeon)

   Str+3:     It affects your strength (+3).
   Int+4:     It affects your intelligence (+4).
   Fly:       It grants you flight.
Missiles
 d - 3 throwing nets (quivered)
 e - a javelin
Armour
 c - a +0 helmet (worn)
 f - a +0 scale mail (worn)
 q - a +0 pair of gloves (worn)
 x - a +0 cloak of stealth (worn)
Wands
 v - a wand of paralysis (6)
Scrolls
 b - a scroll of enchant armour {unknown}
 g - a scroll of fear {unknown}
 l - 2 scrolls of identify {unknown}
 t - a scroll of amnesia {unknown}
 u - 2 scrolls of immolation {unknown}
 w - a scroll of noise {unknown}
Potions
 h - a potion of haste {unknown}
 i - 3 potions of mutation {unknown}
 j - 3 potions of attraction {unknown}
 k - 3 potions of invisibility {unknown}
 m - a potion of might {unknown}
 n - 2 potions of brilliance {unknown}
 o - 2 potions of resistance {unknown}
 p - a potion of berserk rage {unknown}
 s - 2 potions of curing {unknown}


   Skills:
 + Level 4.5 Fighting
 + Level 4.6 Staves
 - Level 1.5 Throwing
 + Level 5.6 Dodging


You knew the following spells:

 Your Spells              Type           Power      Damage    Failure   Level
a - Slow                  Hex            0%         N/A       71%         1
b - Mercury Vapours       Alch/Air       0%         N/A       83%         2
c - Jinxbite              Hex            0%         N/A       83%         2
Your spell library was empty.

Dungeon Overview and Level Annotations

Branches:
Dungeon (4/15)
 Temple: D:4-7

Altars:
Uskayaw

Annotations:
D:4 Eustachio


Innate Abilities, Weirdness & Mutations

You are immune to sickness and miasma.
You are immune to poison.
Your flesh is very heat resistant. (rF++)
You are vulnerable to cold. (rC-)
You float through the air rather than walking.
You learn spells naturally, not from books.
Your magical power is your life essence.
You have superior vitality. (+4 MHP)


Message History

The rat bites you but does no damage.
The iron imp hits you but does no damage.
The hound bites you but does no damage.
Eustachio gestures wildly while chanting.
You barely miss the hound.
The bat disappears in a puff of smoke!
The hound closely misses you. The rat bites you.
The hound bites you but does no damage.
The iron imp hits you but does no damage.
The rat barely misses you. The hound barely misses you. The iron imp hits you!
Unknown command.
You hit the hound but do no damage. The hound bites you but does no damage.
The rat bites you but does no damage. The hound bites you but does no damage.
The iron imp hits you! The hound bites you but does no damage.
Unknown command.
You closely miss the hound. You punch the hound, but do no damage.
The hound bites you but does no damage. The hound completely misses you.
Eustachio hits you but does no damage. The iron imp barely misses you.
The hound misses you. Eustachio hits you with a +0 rapier!
* * * LOW HITPOINT WARNING * * *
The iron imp hits you but does no damage.
Unknown command.
You slash the hound!
The hound is heavily wounded.
The hound bites you but does no damage. x2
Eustachio hits you with a +0 rapier.
* * * LOW HITPOINT WARNING * * *
The iron imp closely misses you.
The iron imp laughs crazily.
The hound misses you. Eustachio hits you but does no damage.
The iron imp puffs mist at you. The iron imp barely misses you.
The iron imp laughs crazily.
You slice Eustachio!!
Eustachio is severely wounded.
The iron imp disappears in a puff of smoke!
The hound bites you but does no damage. x2
Eustachio hits you with a +0 rapier.
* * * LOW HITPOINT WARNING * * *
The hound barely misses you. The iron imp hits you!
You die...

#...#[ ..####.#
#...#.###...<...
....#.......#.#
.........[..
#.......# #....r..#
#####....5r.#
####.......##@###
..##.......##5@.#
.##.##.......####h#
. #.##.......# ...
###.##.......# ####
.##.#........#
.##.#........#
.##...########
#...### ..#.#


You could see Eustachio, a hound, an iron imp (summoned), an ufetubus (summoned)
and 2 rats.

Vanquished Creatures
  Grinder (D:4)
  A black bear (D:4)
  An iguana (D:4)
  6 gnolls
  5 adders
  A worm (D:2)
  3 orcs
  3 endoplasms
  8 giant cockroaches
  5 goblins
  12 hobgoblins
  2 jackals (D:2)
  6 kobolds
  A quokka (D:3)
  13 ball pythons
  7 bats
  2 frilled lizards (D:3)
  2 rats
79 creatures vanquished.

Notes
Turn   | Place    | Note
-------+----------+-------------------------------------------
     0 | D:1      | grandjackal the Djinni Gladiator began the quest for the
                  | Orb.
     0 | D:1      | Reached XP level 1. HP: 18/18 MP: 0/0
   153 | D:1      | Reached XP level 2. HP: 23/23 MP: 0/0
   190 | D:1      | Reached XP level 3. HP: 22/29 MP: 0/0
   190 | D:1      | Learned a level 1 spell: Slow
   737 | D:2      | Found a hide-covered altar of Uskayaw.
   850 | D:2      | Reached skill level 4 in Dodging
   850 | D:2      | Reached XP level 4. HP: 34/34 MP: 0/0
  1663 | D:3      | Reached XP level 5. HP: 40/40 MP: 0/0
  1663 | D:3      | Learned a level 2 spell: Mercury Vapours
  1794 | D:3      | Identified the +2 long sword "Hydraslayer" {heavy, Fly
                  | Str+3 Int+4}
  2554 | D:4      | Reached XP level 6. HP: 38/46 MP: 0/0
  2585 | D:4      | Noticed Grinder
  2590 | D:4      | HP: 2/46 [Grinder (2)]
  2591 | D:4      | Killed Grinder
  2592 | D:4      | Reached skill level 5 in Dodging
  2592 | D:4      | Reached XP level 7. HP: 3/52 MP: 0/0
  2592 | D:4      | Learned a level 2 spell: Jinxbite
  3022 | D:4      | Noticed Eustachio
  3035 | D:4      | Slain by an iron imp

Illustrated notes

Levels and vault maps discovered:
D:1:      minmay_arrival_open_corners, layout_basic
D:2:      layout_basic, basic_altar, hex_medium
D:3:      minmay_skewed_foursquare, layout_basic, minmay_joined_circles
D:4:      layout_basic, serial_corexii_hall, corexii_hall_statues_l,
          chequers_hall_statues_y, kennysheep_generic_room_11, uniq_grinder,
          uniq_eustachio

Skill      XL: |  1  2  3  4  5  6 |
---------------+-------------------+-----
Staves         | 3 4 |  4.6
Dodging        | 4 5 |  5.6
Fighting       | 3 4 |  4.5
Throwing       | |  1.5

Action                     |  1- 3 |  4- 6 |  7- 9 || total
---------------------------+-------+-------+-------++-------
  Melee: Quarterstaff      |    70 |    58 |       ||   128
         Long sword        |       |    49 |    36 ||    85
         Punch             |       |       |     1 ||     1
 Armour: Scale mail        |    67 |    94 |    81 ||   242
  Dodge: Dodged            |    41 |    76 |    70 ||   187

Table legend: (Time is in decaauts)
 A = Elapsed time spent in this place.
 B = Non-inter-level travel time spent in this place.
 C = Inter-level travel time spent in this place.
 D = Time resting spent in this place.
 E = Time spent auto-exploring this place.
 F = Levels seen in this place.
 G = Mean time per level.
                   A        B        C        D        E       F      G
               +--------+--------+--------+--------+--------+-----+--------+
         Total |   3145 |   3073 |     72 |    493 |   1952 |   4 |  786.2 |
       Dungeon |   3145 |   3073 |     72 |    493 |   1952 |   4 |  786.2 |
               +--------+--------+--------+--------+--------+-----+--------+

Top non-repeatable levels by time:
     D:3: 1010 daAuts
     D:2: 974 daAuts
     D:1: 613 daAuts
     D:4: 547 daAuts
